 Dungeon Crawl Stone Soup version 0.19.4-9-g45fd643 (webtiles) character file.

521 Kosschaser the Sneak (level 7, -3/36 HPs)
             Began as a Vine Stalker Assassin on Feb 18, 2017.
             Was an Initiate of Dithmenos.
             Slain by a bullfrog zombie (4 damage)
             ... on level 5 of the Dungeon on Feb 19, 2017.
             The game lasted 00:16:06 (3319 turns).

Kosschaser the Sneak (Vine Stalker Assassin)        Turns: 3319, Time: 00:16:07

Health: -3/36      AC:  3    Str: 13    XL:     7   Next: 21%
Magic:  0/8        EV: 13    Int: 11    God:    Dithmenos [......]
Gold:   322        SH:  0    Dex: 18    Spells: 0 memorised, 6 levels left

rFire  . . .     SeeInvis .     a - +2 dagger
rCold  . . .     Gourm    .     n - +0 robe
rNeg   . . .     Faith    .     (no shield)
rPois  .         Spirit   +     (no helmet)
rElec  .         Reflect  .     d - +0 cloak
rCorr  .         Harm     .     (no gloves)
MR     .....                    (no boots)
Stlth  ++++......               (no amulet)
                                (no ring)
                                y - ring of wizardry

@: no status effects
A: fangs 2, regeneration 1, magic shield, antimagic bite, no device heal 3, rot
immunity
a: Renounce Religion


You were on level 5 of the Dungeon.
You worshipped Dithmenos.
Dithmenos was noncommittal.
You were hungry.

You visited 1 branch of the dungeon, and saw 5 of its levels.

You collected 322 gold pieces.

Inventory:

Hand Weapons
 a - a +2 dagger (weapon)
 b - a +0 blowgun
Missiles
 e - 30 poisoned needles
 f - 2 curare-tipped needles
 p - 6 tomahawks (quivered)
Armour
 c - a +0 robe
 d - a +0 cloak (worn)
 n - a +0 robe (worn)
Jewellery
 y - a ring of wizardry (left hand)
Scrolls
 i - a scroll of magic mapping
 l - a scroll of recharging {unknown}
 q - a scroll of blinking
 s - a scroll of immolation
 v - a scroll of remove curse
 w - a scroll of fog
Potions
 h - a potion of agility
 m - 2 potions of ambrosia {unknown}
 o - a potion of beneficial mutation {unknown}
 r - a potion of curing
 u - a potion of cure mutation
 z - a potion of magic {unknown}
 B - a potion of invisibility
Comestibles
 g - a bread ration
 j - 2 royal jellies
 t - a beef jerky
 x - 2 meat rations


   Skills:
 + Level 3.0 Fighting
 + Level 3.9 Short Blades
 + Level 2.0 Throwing
 + Level 2.6 Dodging
 * Level 7.5 Stealth


You had 6 spell levels left.
You didn't know any spells.

Dungeon Overview and Level Annotations

Branches:
Dungeon (5/15)             Temple (0/1) D:5

Altars:
Dithmenos
Fedhas
Qazlal
Zin
The Shining One

Annotations:
D:5 Sigmund


Innate Abilities, Weirdness & Mutations

You have extremely sharp teeth.
Your natural rate of healing is unusually fast.
When hurt, damage is shared between your health and your magic reserves.
Your bite disrupts and absorbs the magic of your enemies.
Potions and wands cannot restore your health.
You are immune to rotting.


Message History

You feel sick. The bullfrog zombie hits you!
* * * LOW HITPOINT WARNING * * *
You hit the bullfrog zombie but do no damage.
You bite the bullfrog zombie. You drain its power.
You feel invigorated.
The bullfrog zombie is almost destroyed.
The bullfrog zombie barely misses you. The sky beast hits you.
The sky beast shocks you.
* * * LOW HITPOINT WARNING * * *
You hit the bullfrog zombie but do no damage.
The bullfrog zombie is almost destroyed.
The bullfrog zombie hits you.
* * * LOW HITPOINT WARNING * * *
The sky beast hits you.
* * * LOW HITPOINT WARNING * * *
The sky beast shocks you.
* * * LOW HITPOINT WARNING * * *
Your system rejects the healing.
You feel better.
The bullfrog zombie hits you but does no damage.
The sky beast misses you. The bullfrog zombie hits you.
You die...

....#.....##.... ... .
#.....##.... ##..
.####.....##.... ....
.........##....
#.)######.............
#.....................
#.....................
#...Y.................
#...Z@%...............
#.....................
#....................#..
#........#.##........#..
#....................#..
#.......................
#..........#.......####.
#..................# #.
.......... ..


You could see a sky beast and a bullfrog zombie.

Vanquished Creatures
  A necrophage (D:5)
  An ogre (D:4)
  A howler monkey (D:4)
  A centaur skeleton (D:4)
  An orc priest (D:4)
  An orc wizard (D:4)
  Natasha (D:4)
  An iguana (D:4)
  2 worker ants (D:5)
  A hound skeleton (D:5)
  3 adders
  An ooze (D:2)
  2 worms (D:2)
  2 dart slugs
  A leopard gecko (D:4)
  10 orcs
  4 giant cockroaches
  8 goblins
  7 hobgoblins
  5 jackals
  6 kobolds
  2 quokkas
  A ball python (D:3)
  5 bats
  2 frilled lizards
  A jackal skeleton (D:4)
  7 rats
  A butterfly (D:5)
  A fungus (D:3)
80 creatures vanquished.

Notes
Turn   | Place    | Note
-------+----------+-------------------------------------------
     0 | D:1      | Kosschaser the Vine Stalker Assassin began the quest for the Orb.
     0 | D:1      | Reached XP level 1. HP: 11/11 MP: 2/2
    37 | D:1      | Reached skill level 5 in Stealth
   307 | D:1      | Reached XP level 2. HP: 15/15 MP: 3/3
   896 | D:2      | Reached XP level 3. HP: 18/18 MP: 4/4
   901 | D:2      | Reached skill level 6 in Stealth
   915 | D:2      | Found a glowing silver altar of Zin.
  1429 | D:3      | Gained mutation: Your natural rate of healing is unusually fast. [Vine Stalker growth]
  1429 | D:3      | Reached XP level 4. HP: 5/23 MP: 1/5
  1499 | D:3      | Reached skill level 1 in Dodging
  1847 | D:3      | Found a stormy altar of Qazlal.
  1847 | D:3      | Noticed an air elemental
  1849 | D:3      | Noticed a water elemental
  1850 | D:3      | Noticed a fire elemental
  1850 | D:3      | Noticed an earth elemental
  2266 | D:4      | Noticed an ogre
  2269 | D:4      | Reached XP level 5. HP: 19/27 MP: 6/6
  2336 | D:4      | Killed an ogre
  2336 | D:4      | Reached XP level 6. HP: 32/32 MP: 7/7
  2425 | D:4      | Found a shadowy altar of Dithmenos.
  2433 | D:4      | Became a worshipper of Dithmenos the Shadowed
  2531 | D:4      | Reached skill level 7 in Stealth
  2616 | D:4      | Found a blossoming altar of Fedhas.
  2686 | D:4      | Noticed Natasha
  2690 | D:4      | Killed Natasha
  2978 | D:5      | Entered Level 5 of the Dungeon
  3021 | D:5      | Found a staircase to the Ecumenical Temple.
  3037 | D:5      | Noticed a necrophage
  3040 | D:5      | Killed a necrophage
  3040 | D:5      | Reached XP level 7. HP: 36/36 MP: 8/8
  3126 | D:5      | Found a glowing golden altar of the Shining One.
  3168 | D:5      | Noticed Sigmund
  3318 | D:5      | HP: 1/36 [sky beast (2)]
  3319 | D:5      | Slain by a bullfrog zombie

Skill      XL: |  1  2  3  4  5  6 |
---------------+-------------------+-----
Stealth        | 5 6 7 |  7.5
Throwing       | 2 |  2.0
Fighting       | 2 3 |  3.0
Short Blades   | 2 3 |  3.9
Dodging        | 1 2 |  2.6

Action                   |  1- 3 |  4- 6 |  7- 9 || total
-------------------------+-------+-------+-------++-------
Melee: Dagger            |    61 |   186 |    29 ||   276
       Bite              |     9 |    54 |     9 ||    72
  Use: Scroll            |       |     6 |     4 ||    10
       Potion            |       |       |     1 ||     1
 Stab: Sleeping          |    19 |     5 |     1 ||    25
       Distracted        |     1 |     2 |       ||     3
  Eat: Chunk             |     1 |     4 |     2 ||     7
Armor: Robe              |    10 |    23 |     3 ||    36
Dodge: Dodged            |    16 |   106 |    22 ||   144
